 Dungeon Crawl Stone Soup version 0.31-a0-596-g831eee08f1 (webtiles) character file.

Game seed: 4115416134944926190

153 experimilk the Ruffian (level 5, -1/48 HPs)
             Began as a Troll Gladiator on Aug 20, 2023.
             Was an Initiate of Ru.
             Killed by divine providence
             ... invoked by an orc priest
              (11 damage)
             ... on level 4 of the Dungeon.
             The game lasted 00:04:36 (1966 turns).

experimilk the Ruffian (Troll Gladiator)            Turns: 1966, Time: 00:04:37

Health: -1/48      AC:  4    Str: 24    XL:     5   Next: 12%
Magic:  4/4        EV: 10    Int:  4    God:    Ru [......]
Gold:   77         SH:  0    Dex: 11    Spells: 4/4 levels left

rFire   + .          .
                       - Unarmed
rCold   . . .        (no shield)
rNeg    . . .        a - +0 robe
rPois   .            b - +0 hat
rElec   .            (no cloak)
rCorr   .            (gloves unavailable)
SInv    .            (boots unavailable)
Will    .....        (no amulet)
Stlth   +            i - ring of protection from fire
HPRegen 1.08/turn    (no ring)
MPRegen 0.09/turn

%: no passive effects
@: studying Shields
A: large, unfitting armour, claws 3, regeneration 1, shaggy fur 1, tough skin 1
a: Renounce Religion


You were on level 4 of the Dungeon.
You worshipped Ru.
Ru was noncommittal.
You visited 1 branch of the dungeon, and saw 4 of its levels.

You collected 77 gold pieces.

Inventory:

Missiles
 g - 3 throwing nets
 p - 8 stones
 s - 4 boomerangs (quivered)
Armour
 a - a +0 robe (worn)
 b - a +0 hat (worn)
Jewellery
 i - a ring of protection from fire (left claw)
 n - a ring of wizardry
Wands
 r - a wand of light (5)
Scrolls
 c - a scroll of vulnerability {unknown}
 d - 3 scrolls of teleportation
 e - a scroll of blinking {unknown}
 f - a scroll of amnesia {unknown}
 m - a scroll of fog {unknown}
Potions
 h - 2 potions of haste
 j - a potion of cancellation {unknown}
 k - 2 potions of curing
 l - 2 potions of brilliance
 o - a potion of berserk rage {unknown}
 q - a potion of resistance {unknown}
 t - a potion of ambrosia {unknown}


   Skills:
 - Level 1.5 Fighting
 - Level 1.7 Throwing
 - Level 2.4 Dodging
 * Level 5.9 Unarmed Combat


You had 4 spell levels left.
You didn't know any spells.
Your spell library contained the following spells:

 Spells                   Type           Power      Damage    Failure   Level
 Anguish                  Hex/Necr       0%         N/A       99%         4
 Cause Fear               Hex            0%         N/A       99%         4
 Enfeeble                 Hex            0%         N/A       100%        7


Dungeon Overview and Level Annotations

Branches:
Dungeon (4/15)
 Temple: D:4-7

Altars:
Ru


Innate Abilities, Weirdness & Mutations

You are too large for most types of armour.
You have claws for hands.
Your natural rate of healing is unusually fast.
You are covered in fur. (AC +1)
You have tough skin. (AC +1)


Message History

You kill the orc!
The orc wizard gestures at you while chanting.
You resist with some effort.
You throw a boomerang. The boomerang hits the jackal!
You kill the jackal!
An orc priest comes into view. It is wielding a +0 short sword.
An orc comes into view. It is wielding a +0 club.
You throw a boomerang.
The boomerang closely misses the orc wizard.
The boomerang hits the jackal but does no damage.
The orc wizard casts a spell.
The orc wizard flickers and vanishes!
Deactivating autopickup; reactivate with Ctrl-A.
You hear a shout!
A ball python comes into view.
You hear a shout!
The jackal bites you.
The jackal bites you but does no damage.
You claw the jackal!
You kill the jackal!
A magic dart appears from out of thin air!
The magic dart hits you.
You barely miss the ball python.
The orc priest calls down the wrath of Beogh upon you.
Beogh smites you! The ball python misses you.
You closely miss the ball python.
The ball python bites you but does no damage.
You claw the ball python!
You kill the ball python!
The orc priest invokes the aid of Beogh against you.
Beogh smites you!
A magic dart appears from out of thin air!
The magic dart hits you.
Something tries to affect you, but you resist.
The orc priest calls down the wrath of Beogh upon you.
Beogh smites you!
* * * LOW HITPOINT WARNING * * *
The orc priest invokes the aid of Beogh against you.
Beogh smites you!
You die... ..... #oo

#.... #o#
......####.# .#
......#.#..#
..............#
#........#...###..
#....#.###..##.#.#
......##<#.......#
.........@.#......#
..............#....
#.......#....## #..
#.##..........# . .
#...#......##..
#...#.........#
##.##.....##.## ##
##.<..# .# ##.###


You could see an orc priest.

Vanquished Creatures
  Robin (D:2)
  5 adders
  4 dart slugs
  7 orcs
  3 ball pythons
  5 endoplasms
  15 goblins
  8 hobgoblins
  4 jackals
  4 quokkas
  9 bats
  A frilled lizard (D:3)
  5 kobolds
  2 rats
73 creatures vanquished.

Notes
Turn   | Place    | Note
-------+----------+-------------------------------------------
     0 | D:1      | experimilk the Troll Gladiator began the quest for the Orb.
     0 | D:1      | Reached XP level 1. HP: 19/19 MP: 0/0
    95 | D:1      | Reached XP level 2. HP: 27/27 MP: 1/1
   242 | D:1      | Reached skill level 4 in Unarmed Combat
   395 | D:1      | Reached XP level 3. HP: 33/33 MP: 2/2
   832 | D:2      | Found a sacrificial altar of Ru.
   845 | D:2      | Noticed Robin
   871 | D:1      | Reached XP level 4. HP: 33/41 MP: 3/3
   989 | D:2      | Reached skill level 5 in Unarmed Combat
   992 | D:2      | Killed Robin
  1132 | D:2      | Became a worshipper of Ru the Awakened
  1888 | D:3      | Reached XP level 5. HP: 48/48 MP: 4/4
  1966 | D:4      | Killed from afar by an orc priest

Illustrated notes

Levels and vault maps discovered:
D:1:      dpeg_arrival_pits, layout_loops_cross, chequers_avenue,
          serial_park_tiny_pond
D:2:      layout_loops_ring, serial_co_window_serial, co_window_corner_a,
          co_window_paths_a, co_window_corner_a, co_window_of_opportunity_a,
          co_window_paths_a, co_window_paths_b, co_window_unsneaky_path_c,
          co_window_unsneaky_path_c, co_window_corner_cb, co_window_4corner_a,
          glass_columns_b, glass_columns_a, glass_columns_a, glass_columns_a,
          basic_altar, st_stairs_10, uniq_robin, uniq_sigmund
D:3:      layout_basic, grunt_ministairs_5
D:4:      layout_cave_pools, vehumet_altar_wand_db,
          kennysheep_opposing_triangles

Skill      XL: |  1  2  3  4 |
---------------+-------------+-----
Unarmed Combat | 4 5 |  5.9
Fighting       | |  1.5
Throwing       | |  1.7
Dodging        | |  2.4

Action                     |  1- 3 |  4- 6 || total
---------------------------+-------+-------++-------
  Melee: Unarmed           |    82 |    62 ||   144
         Punch             |     3 |     2 ||     5
  Throw: Stone             |     2 |       ||     2
         Large rock        |     1 |       ||     1
         Boomerang         |       |     7 ||     7
    Use: Scroll            |     2 |     2 ||     4
   Stab: Sleeping          |     2 |     2 ||     4
         Distracted        |     1 |       ||     1
 Armour: Robe              |    39 |    19 ||    58
  Dodge: Dodged            |    55 |    19 ||    74

Table legend: (Time is in decaauts)
 A = Elapsed time spent in this place.
 B = Non-inter-level travel time spent in this place.
 C = Inter-level travel time spent in this place.
 D = Time resting spent in this place.
 E = Time spent auto-exploring this place.
 F = Levels seen in this place.
 G = Mean time per level.
                   A        B        C        D        E       F      G
               +--------+--------+--------+--------+--------+-----+--------+
         Total |   1955 |   1825 |    130 |    207 |   1228 |   4 |  488.8 |
       Dungeon |   1955 |   1825 |    130 |    207 |   1228 |   4 |  488.8 |
               +--------+--------+--------+--------+--------+-----+--------+

Top non-repeatable levels by time:
     D:1: 855 daAuts
     D:3: 741 daAuts
     D:2: 309 daAuts
     D:4: 48 daAuts
